 Dungeon Crawl Stone Soup version 0.31-a0-188-g5e087ee2ca (webtiles) character file.

Game seed: 16904619543523840792

30 qw the Shooter (level 3, -1/20 HPs)
             Began as a Deep Elf Hunter on June 23, 2023.
             Succumbed to an adder's poison
             ... on level 1 of the Dungeon.
             The game lasted 00:00:16 (823 turns).

qw the Shooter (Deep Elf Hunter)                     Turns: 823, Time: 00:00:16

Health: -1/20      AC:  3    Str: 10    XL:     3   Next: 3%
Magic:  5/5        EV: 12    Int: 13    God:
Gold:   87         SH:  0    Dex: 18    Spells: 2/2 levels left

rFire   . . .        Y - +2 shortbow
rCold   . . .        (shield currently unavailable)
rNeg    . . .        c - +0 leather armour
rPois   .            (no helmet)
rElec   .            (no cloak)
rCorr   .            (no gloves)
SInv    .            (no boots)
Will    .....        (no amulet)
Stlth   ++           (no ring)
HPRegen 0.23/turn    (no ring)
MPRegen 0.09/turn

%: no passive effects
@: lethally poisoned (-1 -> -11)
A: no striking features
a: no special abilities


You were on level 1 of the Dungeon.
You visited 1 branch of the dungeon, and saw 2 of its levels.

You collected 87 gold pieces.


   Skills:
 - Level 1.5 Fighting
 + Level 6.6 Ranged Weapons
 - Level 2.4 Dodging
 - Level 1.2 Stealth


You had 2 spell levels left.
You didn't know any spells.
Your spell library was empty.

Inventory:

Hand Weapons
 Y - a +2 shortbow (weapon)
Armour
 c - a +0 leather armour (worn)

Dungeon Overview and Level Annotations

Branches:
Dungeon (2/15)

Altars:


Message History

The kobold is severely wounded.
The kobold closely misses you.
A kobold comes into view. It is wielding a +0 dagger.
The adder bites you.
You shoot an arrow. The arrow barely misses the kobold.
The adder bites you but does no damage.
A quokka comes into view.
The adder closely misses you. The adder bites you.
The kobold hits you but does no damage.
The quokka moves out of view.
817 ||| STAIRDANCE The adder bites you.
You are poisoned.
The adder poisons you! The adder bites you. The kobold hits you with a +0 club.
The kobold hits you with a +0 dagger.
You climb upwards.
You feel very sick.
There is a stone staircase leading down here.
You shoot an arrow. The arrow hits the kobold!
You kill the kobold!
You feel sick. The adder closely misses you. The kobold barely misses you.
The adder closely misses you. x2
You shoot an arrow. The arrow misses the adder.
You feel sick. The adder bites you.
You are lethally poisoned!
The adder poisons you! The kobold closely misses you.
The adder barely misses you.
You shoot an arrow. The arrow hits the adder!
The adder is almost dead.
You feel very sick. The adder closely misses you.
The adder bites you but does no damage. The kobold closely misses you.
The adder misses you. The adder closely misses you.
You shoot an arrow. The arrow misses the adder.
You feel sick. The kobold barely misses you. The adder barely misses you.
The adder bites you.
You are more poisoned.
The adder poisons you! The kobold hits you with a +0 club.
You shoot an arrow. The arrow hits the adder.
You kill the adder!
You die...

#..######### #..###### #.#.#.
##.........####..### #.#.#.
#.................# #.#%##
#....)............# #.#.#
#.................# #.#.#
#.................##### #.#.#
#.........####........# #.#.#
#...........##)######.###.#.#
#.........#.K@S..# #.....#.#
#........(######.# #######.#
#.........# #.# #.##
#.........# #.# #...
########### #.# #### #.# #.#
#.# #######.##


You could see an adder and a kobold.

Vanquished Creatures
  An adder (D:1)
  A dart slug (D:1)
  3 endoplasms (D:1)
  A giant cockroach (D:1)
  2 hobgoblins (D:1)
  4 jackals (D:1)
  A quokka (D:1)
  4 bats (D:1)
  A frilled lizard (D:1)
  2 goblins (D:1)
  4 kobolds (D:1)
  2 rats (D:1)
26 creatures vanquished.

Notes
Turn   | Place    | Note
-------+----------+-------------------------------------------
     0 | D:1      | qw the Deep Elf Hunter began the quest for the Orb.
     0 | D:1      | Reached XP level 1. HP: 12/12 MP: 3/3
     0 | D:1      | 0 ||| qw: Version: 0.3-a-9-g12657ce
     0 | D:1      | 0 ||| qw: Game counter: 3159
     0 | D:1      | 0 ||| qw: Always use a shield: true
     0 | D:1      | 0 ||| qw: God list: Okawaru
     0 | D:1      | 0 ||| qw: Allow faded altars: false
     0 | D:1      | 0 ||| qw: Do Orc after D:15 true
     0 | D:1      | 0 ||| qw: Do second Lair branch before Depths: true
     0 | D:1      | 0 ||| qw: Lair rune preference: random
     0 | D:1      | 0 ||| qw: Plans: Normal
     0 | D:1      | 0 ||| PLANNING D:1-11
    89 | D:1      | Reached skill level 6 in Ranged Weapons
    89 | D:1      | Reached XP level 2. HP: 16/16 MP: 4/4
   725 | D:1      | Reached XP level 3. HP: 18/20 MP: 5/5
   752 | D:1      | 752 ||| READING 2 scrolls labelled BYNETT QASIXTI.
   753 | D:1      | 753 ||| READING scroll of enchant weapon.
   753 | D:1      | 753 ||| ENCHANTING +1 shortbow.
   754 | D:1      | 754 ||| READING scroll labelled NEHORPHUPOA.
   755 | D:1      | 755 ||| DROPPING scroll of butterflies.
   817 | D:2      | 817 ||| STAIRDANCE
   822 | D:1      | HP: 5/20 [poisoned by an adder]
   822 | D:1      | HP: 2/20 [kobold/+0 club (2)]
   823 | D:1      | Succumbed to an adder's poison

Levels and vault maps discovered:
D:1:      minmay_arrival_solitary_statue, layout_basic
D:2:      layout_rooms, minmay_misc_feat_room, minmay_misc_feat_ornament,
          minmay_misc_feat_plants, minmay_pentomino_z4

Skill      XL: |  1 |
---------------+----+-----
Ranged Weapons | 6 |  6.6
Fighting       | |  1.5
Dodging        | |  2.4
Stealth        | |  1.2

Action                     || total
---------------------------++-------
   Fire: Shortbow          ||    63
    Use: Scroll            ||     3
 Armour: Leather armour    ||    10
  Dodge: Dodged            ||    32

Table legend:
 A = Non-vault XP
 B = Vault XP
 C = Vault XP percentage of total XP
 D = Non-vault monster count
 E = Vault monster count
 F = Vault count percentage of total count
                 A         B        C        D         E       F
            +---------+---------+-------+---------+---------+-------
      Total |      43 |      13 |  23.2 |      25 |       1 |   3.8
            +---------+---------+-------+---------+---------+-------
        D:1 |      43 |      13 |  23.2 |      25 |       1 |   3.8
            +---------+---------+-------+---------+---------+-------
